 Dungeon Crawl Stone Soup version 0.28.0 (webtiles) character file.

Game seed: 3907705019228828771

43 Xoff the Magician (level 3, 0/25 HPs)
             Began as a Gnoll Hedge Wizard on Feb 14, 2022.
             Was a Believer of Sif Muna.
             Succumbed to a kobold's poison
             ... on level 2 of the Dungeon.
             The game lasted 00:07:30 (2519 turns).

Xoff the Magician (Gnoll Hedge Wizard)              Turns: 2519, Time: 00:07:31

Health: 0/25       AC:  2    Str:  9    XL:     3   Next: 58%
Magic:  5/11       EV: 13    Int: 15    God:    Sif Muna [**....]
Gold:   52         SH:  0    Dex: 11    Spells: 4/16 levels left

rFire   . . .      SeeInvis .   a - +0 dagger
rCold   . . .      Faith    .   (no shield)
rNeg    . . .      Spirit   .   b - +0 robe
rPois   .          Reflect  .   c - +0 hat
rElec   .          Harm     .   (no cloak)
rCorr   .          Rampage  .   (no gloves)
Will    .....                   (no boots)
Stlth   ++........              (no amulet)
HPRegen 0.08/turn               (no ring)
MPRegen 0.12/turn               (no ring)

@: brilliant, lethally poisoned (0 -> -5), attractive
A: fangs 1, strong nose, distributed training
a: Renounce Religion, Channel Magic


You were on level 2 of the Dungeon.
You worshipped Sif Muna.
Sif Muna was pleased with you.
You visited 1 branch of the dungeon, and saw 2 of its levels.

You collected 52 gold pieces.

Inventory:

Hand Weapons
 a - a +0 dagger (weapon)
 e - a +0 hunting sling
 i - a +0 trident
Missiles
 g - 15 sling bullets
Armour
 b - a +0 robe (worn)
 c - a +0 hat (worn)
Scrolls
 d - 3 scrolls of identify
Potions
 h - a potion of brilliance


   Skills:
 + Level 0.8 Fighting
 + Level 0.8 Short Blades
 + Level 0.8 Long Blades
 + Level 0.8 Axes
 + Level 0.8 Maces & Flails
 + Level 0.8 Polearms
 + Level 0.8 Staves
 + Level 0.8 Slings
 + Level 0.8 Bows
 + Level 0.8 Crossbows
 + Level 0.8 Throwing
 + Level 0.8 Armour
 + Level 4.5 Dodging
 + Level 4.1 Stealth
 + Level 0.8 Shields
 + Level 0.8 Unarmed Combat
 + Level 7.1 Spellcasting
 + Level 2.1 Conjurations
 + Level 0.5 Hexes
 + Level 2.1 Summonings
 + Level 0.5 Necromancy
 + Level 2.1 Translocations
 + Level 0.5 Transmutations
 + Level 0.5 Fire Magic
 + Level 0.5 Ice Magic
 + Level 0.5 Air Magic
 + Level 0.5 Earth Magic
 + Level 0.5 Poison Magic
 + Level 1.0 Invocations
 + Level 0.8 Evocations


You had 4 spell levels left.
You knew the following spells:

 Your Spells              Type           Power      Damage    Failure   Level
a - Magic Dart            Conj           68%        1d6       5%          1
b - Blink                 Tloc           34%        N/A       9%          2
c - Conjure Flame         Conj/Fire      14%        6-21      22%         3
d - Mephitic Cloud        Conj/Pois/Air  13%        N/A       26%         3
e - Slow                  Hex            40%        N/A       11%         1
f - Call Imp              Summ           17%        N/A       9%          2

Your spell library contained the following spells:

 Spells                   Type           Power      Damage    Failure   Level


Dungeon Overview and Level Annotations

Branches:
Dungeon (2/15)

Altars:
Sif Muna


Innate Abilities, Weirdness & Mutations

You have very sharp teeth.
Your uncanny sense of smell can sniff out nearby items.
Your experience applies equally to all skills.


Message History

The magic dart hits the kobold but does no damage.
The kobold is heavily wounded.
You feel very sick. The kobold closely misses you.
Casting: Magic Dart (safe; 5% risk of failure)
Confirm with . or Enter, or press ? or * to list all spells.
Aiming: Magic Dart (safe; 5% risk of failure)
Press: ? - help, Shift-Dir - straight line, f/p - kobold
Aim: a kobold, wielding a +1 dagger of venom (heavily wounded, 100% to hit)
The magic dart hits the kobold.
The kobold is severely wounded.
You feel very sick.
The kobold hits you with a +1 dagger of venom.
You are lethally poisoned!
Casting: Magic Dart (safe; 5% risk of failure)
Confirm with . or Enter, or press ? or * to list all spells.
Aiming: Magic Dart (safe; 5% risk of failure)
Press: ? - help, Shift-Dir - straight line, f/p - kobold
Aim: a kobold, wielding a +1 dagger of venom (severely wounded, 100% to hit)
The magic dart hits the kobold.
You kill the kobold!
Sif Muna accepts your kill.
You feel very sick.
It was a potion of brilliance.
You feel clever all of a sudden.
You feel very sick.
It was a potion of attraction.
You feel attractive to monsters.
* * * LOW HITPOINT WARNING * * *
You feel very sick.
Your magical contamination has completely faded away.
* * * LOW HITPOINT WARNING * * *
You feel sick.
* * * LOW HITPOINT WARNING * * *
You feel sick.
Okay, then.
As you read the scroll labelled TETINNYMEI, it crumbles to dust.
It is a scroll of identify.
You don't have any unidentified items.
You die...

...#..##.# #.#.#
..#..###.# #.#.#
##.......# #.#.#
...#.###.###.#.#
####.# #.##.#..# #
#.###.#.###.##
####......## ##.#
...........###.######
##.#####.#..#...@...#
#># #.#.#.######)#
#.# ###.#.### ..# #.#
#...#.# ..# #.#
#.#.#.# ... #.#
#.#.#.# .... #.#
#.....# ....#
#.###.###.# ..###
##.....# #.#


There were no monsters in sight!

Vanquished Creatures
  A worm (D:1)
  A dart slug (D:1)
  2 ball pythons
  4 bats
  3 endoplasms
  2 giant cockroaches
  5 hobgoblins
  4 quokkas (D:1)
  A frilled lizard (D:1)
  4 goblins
  5 kobolds
  2 rats
34 creatures vanquished.

Notes
Turn   | Place    | Note
-------+----------+-------------------------------------------
     0 | D:1      | Xoff the Gnoll Hedge Wizard began the quest for the Orb.
     0 | D:1      | Reached XP level 1. HP: 13/13 MP: 8/8
   100 | D:1      | Found a faded altar of an unknown god.
   335 | D:1      | Prayed at the altar of an unknown god.
   335 | D:1      | Became a worshipper of Sif Muna the Loreminder
   335 | D:1      | Reached * piety under Sif Muna
   612 | D:1      | Reached XP level 2. HP: 19/19 MP: 6/10
   650 | D:1      | Learned a level 2 spell: Blink
   744 | D:1      | You fall into a shaft and drop 1 floor!
  1368 | D:1      | Reached XP level 3. HP: 20/25 MP: 7/11
  1616 | D:2      | Learned a level 3 spell: Conjure Flame
  1620 | D:2      | Learned a level 3 spell: Mephitic Cloud
  1622 | D:2      | Learned a level 1 spell: Slow
  1625 | D:2      | Learned a level 2 spell: Call Imp
  2345 | D:1      | Reached ** piety under Sif Muna
  2346 | D:1      | Reached skill level 1 in Invocations
  2519 | D:2      | Succumbed to a kobold's poison

Illustrated notes

Levels and vault maps discovered:
D:1:      mrwooster_arrival_statue_3, layout_basic,
          chequers_ecumenical_altar_island
D:2:      minmay_thinvault, layout_loops_ring, minmay_3d_cube

Skill      XL: |  1  2  3 |
---------------+----------+-----
Conjurations   | 2 |  2.1
Summonings     | 2 |  2.1
Translocations | 2 |  2.1
Invocations    | 1 |  1.0
Fighting       | |  0.8
Short Blades   | |  0.8
Long Blades    | |  0.8
Axes           | |  0.8
Maces & Flails | |  0.8
Polearms       | |  0.8
Staves         | |  0.8
Slings         | |  0.8
Bows           | |  0.8
Crossbows      | |  0.8
Throwing       | |  0.8
Armour         | |  0.8
Dodging        | |  4.5
Stealth        | |  4.1
Shields        | |  0.8
Unarmed Combat | |  0.8
Spellcasting   | |  7.1
Hexes          | |  0.5
Necromancy     | |  0.5
Transmutations | |  0.5
Fire Magic     | |  0.5
Ice Magic      | |  0.5
Air Magic      | |  0.5
Earth Magic    | |  0.5
Poison Magic   | |  0.5
Evocations     | |  0.8

Action                   || total
-------------------------++-------
Melee: Dagger            ||    29
       Bite              ||     4
 Cast: Magic Dart        ||   122
       Call Imp          ||     1
  Use: Potion            ||     2
       Scroll            ||     1
Armor: Robe              ||     9
Dodge: Dodged            ||    28
